 Dungeon Crawl Stone Soup version 0.32-a0-675-gdc239d62e1 (webtiles) character file.

Game seed: 12099511204895367513

205 ytrimaz the Sneak (level 5, -1/31 HPs)
             Began as an Octopode Earth Elementalist on Mar 11, 2024.
             Slain by a hobgoblin (3 damage)
             ... on level 3 of the Dungeon.
             The game lasted 00:04:12 (2634 turns).

ytrimaz the Sneak (Octopode Earth Elementalist)     Turns: 2634, Time: 00:04:13

Health: -1/31      AC:  1    Str:  7    XL:     5   Next: 83%
Magic:  9/9        EV: 13    Int: 20    God:
Gold:   177        SH:  0    Dex: 12    Spells: 9/10 levels left

rFire   . . .        c - +1 eveningstar "Brilliance" {foul flame, Umbra}
rCold   + . .        (no shield)
rNeg    . . .        (helmet restricted)
rPois   .            (no amulet)
rElec   .            j - ring of protection from cold
rCorr   .            (no ring)
SInv    .            (no ring)
Will    .....        (no ring)
Stlth   +++++        (no ring)
HPRegen 0.25/turn    (no ring)
MPRegen 0.11/turn    (no ring)
                     (no ring)

%: no passive effects
@: mighty, wreathed by umbra
A: almost no armour, amphibious, 8 rings, camouflage 1, gelatinous body 1,
(nimble swimmer 1), tentacles
a: no special abilities


You were on level 3 of the Dungeon.
You visited 1 branch of the dungeon, and saw 3 of its levels.

You collected 201 gold pieces.
You spent 24 gold pieces at shops.


Innate Abilities, Weirdness & Mutations

You cannot wear most types of armour.
You are amphibious.
You can wear up to eight rings at the same time.
Your skin changes colour to match your surroundings (Stealth+).
Your rubbery body absorbs attacks. (AC +1, EV +1)
((You are camouflaged when in or above water. (Stealth+)))
You have tentacles for arms and can constrict up to eight enemies at once.


   Skills:
 - Level 2.0 Dodging
 + Level 4.7 Stealth
 + Level 3.2 Spellcasting
 + Level 2.7 Conjurations
 + Level 4.0 Earth Magic


You had 9 spell levels left.
You knew the following spells:

 Your Spells              Type           Power      Damage    Failure   Level
a - Sandblast             Erth           38%        2d10      2%          1

Your spell library contained the following spells:

 Spells                   Type           Power      Damage    Failure   Level
 Passwall                 Erth           19%        N/A       8%          3
 Stone Arrow              Conj/Erth      32%        3d9       11%         3
 Brom's Barrelling Bould  Conj/Erth      16%        2d4       34%         4
 Petrify                  Alch/Erth      11%        N/A       52%         4

Inventory:

Hand Weapons
 c - the +1 eveningstar "Brilliance" (weapon) {foul flame, Umbra}
   (You found it on level 2 of the Dungeon)

   Umbra:     It surrounds you with an aura of shadow, increasing your stealth
   and reducing the accuracy of all others within it.
Jewellery
 j - a ring of protection from cold (left tentacle)
   (You found it on level 1 of the Dungeon)
Wands
 e - a wand of acid (12)
   (You found it on level 2 of the Dungeon)
Scrolls
 b - a scroll of fear {unknown}
 d - 3 scrolls of identify {unknown}
 f - 2 scrolls of amnesia {unknown}
 g - a scroll of fog {unknown}
 h - a scroll of enchant weapon {unknown}
 i - a scroll of blinking {unknown}
 l - 2 scrolls of immolation {unknown}
 n - a scroll of vulnerability {unknown}
 o - a scroll of poison {unknown}
 p - a scroll of teleportation {unknown}
Potions
 a - 2 potions of magic
 m - a potion of mutation {unknown}

Dungeon Overview and Level Annotations

Branches:
Dungeon (3/15) Zot: 15334

Altars:
Okawaru
Vehumet

Shops:
D:1 * D:3

[ #.(.....' .......#
......# .....# #...#
#...#
##############..o####.#
................@....>#
###############†gg#####
##.## #.# #.# #.# #.#
...


You could see an orc, a hobgoblin and a goblin.


Message History

Unknown command.
Found an escape hatch in the ceiling.
Found an escape hatch in the floor.
There is an escape hatch in the floor here.
l - 2 scrolls labelled ULUBATHR QAOMU (gained 1)
Found a stone staircase leading down.
Found a stone staircase leading up.
No target in view!
No target in view!
An adder comes into view.
Unknown command.
There is a stone staircase leading up here.
Unknown command.
The helpless adder fails to defend itself.
You sock the adder!
You kill the adder!
Unknown command.
No target in view!
You see here an adder corpse.
p - a scroll labelled GIPPUIWKAI You now have 151 gold pieces (gained 13).
You see here a +0 cloak.
You now have 169 gold pieces (gained 18).
You now have 177 gold pieces (gained 8).
Key pressed, stopping explore.
An orc and an orc wizard come into view.
There are monsters nearby!
There are monsters nearby!
An orc comes into view. It is wielding a +0 dagger.
Found 5 stones.
Found a stone staircase leading down.
An adder and a hobgoblin come into view.
The hobgoblin shouts!
You closely miss the orc.
The orc shouts!
The orc wizard shouts!
You grab the orc. You squeeze the orc. You constrict the orc.
You kill the orc!
The orc shouts!
You hit the orc wizard.
The orc wizard convulses.
You grab the orc wizard. You constrict the orc wizard.
The orc wizard hits you but does no damage.
The adder misses you. The orc wizard casts a spell at you.
The magic dart hits you! The orc closely misses you.
Unknown command. 😮 HP[-8]
You take 8 damage, and now have 23/31 hp.
MASSIVE DAMAGE!! (PAUSE)
You hit the orc wizard.
The orc wizard convulses.
You constrict the orc wizard.
You kill the orc wizard!
The adder closely misses you. The orc barely misses you. The adder bites you.
You are poisoned.
The adder poisons you!
Your Earth Magic skill increases to level 4! 😮 HP[-1]
You take 1 damage, and now have 22/31 hp.
You are too injured to fight recklessly!
You barely miss the adder. Your grab misses the adder.
You feel sick. The adder closely misses you. The orc barely misses you.
The hobgoblin hits you. The adder closely misses you.
A goblin comes into view. It is wielding a +0 dagger.
The hobgoblin hits you. The orc barely misses you. 😮 HP[-5]
You take 5 damage, and now have 17/31 hp.
Unknown command.
You closely miss the adder. Your grab misses the adder.
You feel sick. The adder bites you.
* * * LOW HITPOINT WARNING * * *
You are more poisoned.
The adder poisons you! The orc barely misses you. The hobgoblin hits you.
* * * LOW HITPOINT WARNING * * *
The adder closely misses you. 😨 HP[-5]
You take 5 damage, and now have 12/31 hp.
You barely miss the adder. You grab the adder. You constrict the adder!
You feel sick. The adder closely misses you. The orc closely misses you.
The hobgoblin misses you. The adder misses you. The hobgoblin hits you.
* * * LOW HITPOINT WARNING * * *
The orc closely misses you. 😱 HP[-5]
You take 5 damage, and now have 7/31 hp.
Unknown command.
Unknown command.
It was a potion of might.
You feel very mighty all of a sudden.
You constrict the adder.
You feel sick. The adder completely misses you. The orc barely misses you.
The hobgoblin closely misses you.
You sock the adder!
You kill the adder!
You feel sick. The orc hits you with a +0 dagger.
* * * LOW HITPOINT WARNING * * *
The hobgoblin closely misses you. 😱 HP[-4]
You take 4 damage, and now have 3/31 hp.
Unknown command.
You barely miss the hobgoblin. You grab the hobgoblin.
You constrict the hobgoblin.
You feel sick.
You are no longer poisoned.
The orc hits you but does no damage. The hobgoblin barely misses you.
The hobgoblin hits you.
You die...

Skill      XL: |  1  2  3  4  5 |
---------------+----------------+-----
Stealth        | 3 4 |  4.7
Conjurations   | 2 |  2.7
Spellcasting   | 3 |  3.2
Earth Magic    | 4 |  4.0
Dodging        | |  2.0

Action                     |  1- 3 |  4- 6 || total
---------------------------+-------+-------++-------
  Melee: Unarmed           |    65 |    10 ||    75
         Constrict         |    24 |    16 ||    40
         Tentacles         |    15 |     8 ||    23
         Punch             |     1 |     1 ||     2
         Eveningstar       |       |    50 ||    50
   Cast: Sandblast         |    12 |       ||    12
    Use: Potion            |     4 |     1 ||     5
   Stab: Sleeping          |     3 |    15 ||    18
 Armour: Skin              |    42 |    22 ||    64
  Dodge: Dodged            |    50 |    49 ||    99

Levels and vault maps discovered:
D:1:      dpeg_arrival_short_road, layout_basic, serial_shops, shop
D:2:      layout_loops_corners, basic_altar, minivault_24, uniq_terence,
          uniq_robin
D:3:      layout_basic, mainiacjoe_overflow_concentric_impassable,
          grunt_temple_overflow_cloverleaf, serial_shops, shop

Notes
Turn   | Place    | Note
-------+----------+-------------------------------------------
     0 | D:1      | ytrimaz the Octopode Earth Elementalist began the quest for
                  | the Orb.
     0 | D:1      | Reached XP level 1. HP: 11/11 MP: 3/3
     0 | D:1      | magus.rc [v1.9.6]
    62 | D:1      | Found Aclotyur's Assorted Antiques.
    85 | D:1      | Bought a metallic clear potion for 24 gold pieces
   220 | D:1      | Reached skill level 3 in Stealth
   220 | D:1      | Reached XP level 2. HP: 17/17 MP: 3/5
   759 | D:1      | Reached XP level 3. HP: 21/21 MP: 6/6
  1150 | D:2      | Noticed Robin
  1155 | D:2      | HP: 3/21 [goblin/+0 dagger[Robin] (6)]
  1166 | D:2      | HP: 3/21 [goblin/+0 dagger[Robin] (3)]
  1166 | D:2      | HP: 1/21 [goblin/+0 dagger[Robin] (2)]
  1185 | D:2      | Found the +1 eveningstar "Brilliance" {foul flame, Umbra}
  1185 | D:2      | HP: 5/21 [goblin/+0 dagger[Robin] (3)]
  1190 | D:1      | HP: 4/21 [goblin/+0 dagger[Robin] (2)]
  1384 | D:2      | Killed Robin
  1532 | D:2      | Reached XP level 4. HP: 27/27 MP: 7/7
  1707 | D:2      | Reached skill level 2 in Conjurations
  1753 | D:2      | Found an iron altar of Okawaru.
  1881 | D:2      | Noticed Terence
  1887 | D:2      | Killed Terence
  1888 | D:2      | Reached skill level 4 in Stealth
  2196 | D:2      | Reached XP level 5. HP: 31/31 MP: 9/9
  2330 | D:3      | Found Iliufyu's Antique Armour Emporium.
  2446 | D:3      | Found a radiant altar of Vehumet.
  2450 | D:3      | Reached skill level 3 in Spellcasting
  2629 | D:3      | Reached skill level 4 in Earth Magic
  2631 | D:3      | HP: 7/31 [hobgoblin (3)]
  2633 | D:3      | HP: 3/31 [orc/+0 dagger (3)]
  2634 | D:3      | Slain by a hobgoblin

Vanquished Creatures
  Terence (D:2)
  An orc wizard (D:3)
  Robin (D:2)
  3 adders
  3 gnolls (D:3)
  3 dart slugs
  A ribbon worm (D:2)
  An orc (D:3)
  7 ball pythons
  8 bats
  4 endoplasms
  4 giant cockroaches
  17 goblins
  5 hobgoblins
  3 jackals (D:1)
  A quokka (D:3)
  3 frilled lizards
  4 kobolds
  5 rats
75 creatures vanquished.

Table legend:
 A = Non-vault XP
 B = Vault XP
 C = Vault XP percentage of total XP
 D = Non-vault monster count
 E = Vault monster count
 F = Vault count percentage of total count
                 A         B        C        D         E       F
            +---------+---------+-------+---------+---------+-------
      Total |     221 |      72 |  24.6 |      63 |      12 |  16.0
            +---------+---------+-------+---------+---------+-------
        D:1 |      44 |       2 |   4.3 |      24 |       1 |   4.0
        D:2 |      56 |      70 |  55.6 |      25 |      11 |  30.6
        D:3 |     121 |       0 |   0.0 |      14 |       0 |   0.0
            +---------+---------+-------+---------+---------+-------

Skill      XL: |  1  2  3  4  5 |
---------------+----------------+-----
Stealth        | 3 4 |  4.7
Conjurations   | 2 |  2.7
Spellcasting   | 3 |  3.2
Earth Magic    | 4 |  4.0
Dodging        | |  2.0

Action                     |  1- 3 |  4- 6 || total
---------------------------+-------+-------++-------
  Melee: Unarmed           |    65 |    10 ||    75
         Constrict         |    24 |    16 ||    40
         Tentacles         |    15 |     8 ||    23
         Punch             |     1 |     1 ||     2
         Eveningstar       |       |    50 ||    50
   Cast: Sandblast         |    12 |       ||    12
    Use: Potion            |     4 |     1 ||     5
   Stab: Sleeping          |     3 |    15 ||    18
 Armour: Skin              |    42 |    22 ||    64
  Dodge: Dodged            |    50 |    49 ||    99

Illustrated notes

Table legend:
 A = Kills in this place as a percentage of kills in the entire game.
 B = Kills by you in this place as a percentage of kills by you in the entire game.
 C = Kills by friends in this place as a percentage of kills by friends in the entire game.
 D = Other kills in this place as a percentage of other kills in the entire game.
 E = Experience gained in this place as a percentage of experience gained in the entire game.
 F = Experience gained in this place divided by the number of levels of this place that you have seen.
                   A       B       C       D       E      F
               +-------+-------+-------+-------+-------+----------------------
         Total | 100.0 | 100.0 |   N/A |   N/A | 100.0 |  97.7
       Dungeon | 100.0 | 100.0 |   N/A |   N/A | 100.0 |  97.7
               +-------+-------+-------+-------+-------+----------------------

Table legend: (Time is in decaauts)
 A = Elapsed time spent in this place.
 B = Non-inter-level travel time spent in this place.
 C = Inter-level travel time spent in this place.
 D = Time resting spent in this place.
 E = Time spent auto-exploring this place.
 F = Levels seen in this place.
 G = Mean time per level.
                   A        B        C        D        E       F      G
               +--------+--------+--------+--------+--------+-----+--------+
         Total |   2663 |   2557 |    106 |    246 |   1779 |   3 |  887.7 |
       Dungeon |   2663 |   2557 |    106 |    246 |   1779 |   3 |  887.7 |
               +--------+--------+--------+--------+--------+-----+--------+

Top non-repeatable levels by time:
     D:1: 1321 daAuts
     D:2: 1027 daAuts
     D:3: 315 daAuts
